 Dungeon Crawl Stone Soup version 0.26-a0-591-g04f19ec95a (webtiles) character file.

Game seed: 2720396525762170515

102 Eifo4Ohj9gu9Dob0ohLe the Skirmisher (level 4, -3/40 HPs)
             Began as a Draconian Berserker on Aug 24, 2020.
             Was a Believer of Trog.
             Slain by an orc wizard
             ... wielding a +0 dagger of draining
              (5 damage)
             ... on level 2 of the Dungeon.
             The game lasted 00:06:36 (1852 turns).

Eifo4Ohj9gu9Dob0ohLe the Skirmisher (DrBe)          Turns: 1852, Time: 00:06:36

Health: -3/40      AC:  5    Str: 20    XL:     4   Next: 49%
Magic:  4/4        EV: 12    Int:  8    God:    Trog [**....]
Gold:   88         SH:  0    Dex: 10    Spells: 3/3 levels left

rFire    . . .     SeeInvis .   a - +0 falchion
rCold    . . .     Faith    .   (no shield)
rNeg     . . .     Spirit   .   (armour unavailable)
rPois    .         Reflect  .   (helmet restricted)
rElec    .         Harm     .   (no cloak)
rCorr    .                      (no gloves)
MR       .....                  (no boots)
Stlth    +.........             (no amulet)
HPRegen  0.13/turn              (no ring)
MPRegen  0.09/turn              (no ring)

@: confused, lethally poisoned (-3 -> -14), berserk cooldown, slowed, drained,
very slow
A: unfitting armour, cold-blooded, AC +5
a: Berserk, Trog's Hand, Renounce Religion


You were on level 2 of the Dungeon.
You worshipped Trog.
Trog was pleased with you.
You visited 1 branch of the dungeon, and saw 3 of its levels.

You collected 88 gold pieces.

Inventory:

Hand Weapons
 a - a +0 falchion (weapon)
Missiles
 d - 22 poisoned darts (quivered)
 g - a throwing net
Armour
 e - a +0 pair of gloves
Jewellery
 i - an uncursed ring of protection from fire {unknown}
Scrolls
 b - 2 scrolls of amnesia {unknown}
 c - 2 scrolls of teleportation {unknown}
 f - a scroll of identify {unknown}
 h - a scroll of noise {unknown}
 l - 2 scrolls of remove curse {unknown}
 o - a scroll of immolation {unknown}
Potions
 j - 2 potions of stabbing {unknown}
 k - a potion of curing {unknown}
 m - a potion of heal wounds {unknown}
 n - a potion of berserk rage {unknown}
 p - a potion of brilliance {unknown}


   Skills:
 + Level 4.2(3.5) Fighting
 + Level 4.0(3.2) Long Blades
 + Level 0.4(0.0) Throwing
 + Level 3.3(2.6) Dodging
 + Level 0.3(0.0) Stealth


You had 3 spell levels left.
You didn't know any spells.
Your spell library was empty.

Dungeon Overview and Level Annotations

Branches:
Dungeon (3/15)

Altars:


Innate Abilities, Weirdness & Mutations

Your plain brown scales are hard. (AC +5)
You cannot fit into any form of body armour.
You are cold-blooded and may be slowed by cold attacks.


Message History

You are confused.
You climb upwards.
* * * LOW HITPOINT WARNING * * *
You feel very sick.
There is a stone staircase leading down here.
You closely miss the orc wizard.
Your tail-slap misses the orc wizard.
* * * LOW HITPOINT WARNING * * *
You feel sick. The orc closely misses you.
The orc wizard hits you with a +0 dagger of draining.
* * * LOW HITPOINT WARNING * * *
You feel drained. The orc hits you with a +0 dagger.
* * * LOW HITPOINT WARNING * * *
The orc wizard hits you with a +0 dagger of draining.
* * * LOW HITPOINT WARNING * * *
You feel drained.
You barely miss the orc wizard.
* * * LOW HITPOINT WARNING * * *
You feel sick. The orc barely misses you.
The orc wizard hits you with a +0 dagger of draining.
You die...

......## #..## #.# # ####...#
#...# #.# # .......####...# #.# #
..............# #.# #
####...######## #)# # ####...#
#.# # .......# #.# #
###....############.# #
#............o@o..# #
#.....##########..#
#.....##########..#
###.#...........##..#
......#.#######.##..#############
..##.##.# #.#........#.......
..##.##.# #....#####.#.######
........# #..#.# #....# .###.####
###..#.####.#..#


You could see an orc wizard and an orc.

Vanquished Creatures
  A centaur zombie (D:3)
  2 adders (D:2)
  3 worms
  A dart slug (D:1)
  7 bats
  4 giant cockroaches
  5 goblins
  7 hobgoblins
  4 frilled lizards
  3 kobolds (D:1)
  8 rats
45 creatures vanquished.

Notes
Turn   | Place    | Note
-------+----------+-------------------------------------------
     0 | D:1      | Eifo4Ohj9gu9Dob0ohLe the Draconian Berserker began the
                  | quest for the Orb.
     0 | D:1      | Reached XP level 1. HP: 19/19 MP: 1/1
   116 | D:1      | Reached XP level 2. HP: 20/26 MP: 2/2
   992 | D:2      | Reached ** piety under Trog
  1005 | D:2      | Reached XP level 3. HP: 30/33 MP: 3/3
  1517 | D:2      | Reached XP level 4. HP: 34/40 MP: 4/4
  1852 | D:2      | HP: 2/40 [poisoned by an orc]
  1852 | D:2      | Slain by an orc wizard

Illustrated notes

Levels and vault maps discovered:
D:1:      dpeg_arrival_fog, layout_loops_ring, minmay_misc_feat_five
D:2:      layout_loops_ring
D:3:      layout_rooms, old_standard_altar, lemuel_coloured_pillars_altar,
          overflow_temple_1_default, kennysheep_okawaru_gauntlet

Skill      XL: |  1  2  3  4 |
---------------+-------------+-----
Fighting       | 4 |  4.2
Dodging        | 3 |  3.3
Long Blades    | 4 |  4.0
Throwing       | |  0.4
Stealth        | |  0.3

Action                   |  1- 3 |  4- 6 || total
-------------------------+-------+-------++-------
Melee: Falchion          |   116 |    11 ||   127
       Tailslap          |    20 |     2 ||    22
Throw: Dart              |     9 |       ||     9
Invok: Berserk           |       |     1 ||     1
 Stab: Sleeping          |     1 |       ||     1
Armor: Skin              |    47 |     5 ||    52
Dodge: Dodged            |    70 |    14 ||    84
       Rpst.: Falchion   |    20 |     3 ||    23

Table legend: (Time is in decaauts)
 A = Elapsed time spent in this place.
 B = Non-inter-level travel time spent in this place.
 C = Inter-level travel time spent in this place.
 D = Time resting spent in this place.
 E = Time spent auto-exploring this place.
 F = Levels seen in this place.
 G = Mean time per level.
                   A        B        C        D        E       F      G
               +--------+--------+--------+--------+--------+-----+--------+
         Total |   1869 |   1869 |      0 |    432 |    720 |   3 |  623.0 |
       Dungeon |   1869 |   1869 |      0 |    432 |    720 |   3 |  623.0 |
               +--------+--------+--------+--------+--------+-----+--------+

Top non-repeatable levels by time:
     D:1: 991 daAuts
     D:2: 856 daAuts
     D:3: 21 daAuts
